 Dungeon Crawl Stone Soup version 0.28.0-43-g3370ac3207 (webtiles) character file.

Game seed: 17788868204882829748

2489 styxcanada the Covert (level 9, -7/45 HPs)
             Began as a Spriggan Brigand on Mar 28, 2022.
             Was an Initiate of Gozag.
             Killed by the air
             ... invoked by Gastronok
              (15 damage)
             ... on level 8 of the Dungeon.
             The game lasted 00:43:34 (8697 turns).

styxcanada the Covert (Spriggan Brigand)            Turns: 8697, Time: 00:43:34

Health: -7/45      AC:  3    Str:  7    XL:     9   Next: 27%
Magic:  17/18      EV: 21    Int: 14    God:    Gozag
Gold:   522        SH: 12    Dex: 19    Spells: 11/18 levels left

rFire   . . .      SeeInvis +   e - +3 dagger (venom)
rCold   + . .      Faith    .   m - +0 buckler
rNeg    + . .      Spirit   .   b - +0 robe
rPois   +          Reflect  +   (helmet restricted)
rElec   .          Harm     .   c - +0 cloak
rCorr   +          Rampage  .   (gloves unavailable)
Will    .....                   (boots unavailable)
Stlth   ++++++....              y - amulet of reflection
HPRegen 0.95/turn               p - ring of poison resistance
MPRegen 0.16/turn               z - ring "Wuhim" {rC+ rN+ Will- rCorr Stlth+}

@: slowed, quick
A: very small, no large weapons, unfitting armour, see invisible, speed 3,
regeneration 1, MP-powered wands, sturdy frame 1
a: Renounce Religion, Potion Petition, Call Merchant, Bribe Branch


You were on level 8 of the Dungeon.
You worshipped Gozag.
Gozag was pleased with you.
You visited 2 branches of the dungeon, and saw 9 of its levels.
You also visited: Ossuary.

You collected 1093 gold pieces.
You spent 500 gold pieces at shops.
You paid 71 gold pieces to Gozag.

Inventory:

Hand Weapons
 a - a +3 dagger
 e - a +3 dagger of venom (weapon)
 g - a +0 hunting sling
Missiles
 h - 197 stones (quivered)
 l - 86 sling bullets
Armour
 b - a +0 robe (worn)
 c - a +0 cloak (worn)
 m - a +0 buckler (worn)
 n - an orb of light
Jewellery
 d - an amulet of guardian spirit
 p - a ring of poison resistance (left hand)
 v - an amulet of faith
 x - a ring of fire
 y - an amulet of reflection (around neck)
 z - the ring "Wuhim" (right hand) {rC+ rN+ Will- rCorr Stlth+}
   (You bought it in a shop on level 7 of the Dungeon)

   [ring of protection from cold]

   rC:        It protects you from cold.
   rN:        It protects you from negative energy.
   rCorr:     It protects you from acid and corrosion.
   Will:      It decreases your willpower.
   Stlth:     It makes you more stealthy.
Scrolls
 j - 5 scrolls of teleportation
 s - 2 scrolls of fog
 w - 2 scrolls of identify
Potions
 i - a potion of mutation
 k - 2 potions of flight
 o - a potion of brilliance
 q - 2 potions of haste
 r - a potion of curing
 t - a potion of might
 A - a potion of lignification


   Skills:
 + Level 4.2 Fighting
 + Level 4.8 Short Blades
 + Level 4.2(5.3) Slings
 + Level 4.0(4.7) Throwing
 * Level 7.0 Dodging
 * Level 12.6 Stealth
 * Level 3.3 Shields
 * Level 5.4 Spellcasting
 * Level 1.8 Conjurations
 + Level 1.1 Transmutations
 + Level 0.2 Fire Magic
 * Level 1.4 Air Magic
 * Level 2.1 Poison Magic
 - Level 3.5 Evocations


You had 11 spell levels left.
You knew the following spells:

 Your Spells              Type           Power      Damage    Failure   Level
a - Mephitic Cloud        Conj/Pois/Air  8%         N/A       43%         3
b - Ignite Poison         Fire/Tmut/Pois 7%         N/A       52%         3
c - Shock                 Conj/Air       32%        1d5       17%         1

Your spell library contained the following spells:

 Spells                   Type           Power      Damage    Failure   Level
 Swiftness                Air            7%         N/A       50%         3
 Ozocubu's Armour         Ice            3%         N/A       69%         3
 Airstrike                Air            3%         N/A       88%         4
 Fireball                 Conj/Fire      3%         3d4       99%         5
 Freezing Cloud           Conj/Ice/Air   3%         6-21      99%         5
 Starburst                Conj/Fire      3%         6d3       100%        6
 Ozocubu's Refrigeration  Ice            1%         4d5       100%        7
 Ignition                 Fire           2%         3d3       100%        8


Dungeon Overview and Level Annotations

Branches:
Dungeon (8/15)             Temple (1/1) D:5         Ossuary (visited)
   Lair: D:8-11

Altars:
Ashenzari
Cheibriados
Fedhas
Gozag
Kikubaaqudgha
Makhleb
Uskayaw
Vehumet
The Shining One

Shops:
D:1 ?   D:7 =

Annotations:
D:8 Gastronok


Innate Abilities, Weirdness & Mutations

You are very small and have problems with some larger weapons.
You are too small for most types of armour.
You have supernaturally acute eyesight. (SInv)
You cover ground extremely quickly. (Speed+++)
Your natural rate of healing is unusually fast.
You expend magic power (3 MP) to strengthen your wands.
Your movements are slightly less encumbered by armour. (ER -2)


Message History

You feel a sudden urge to swivel your nonexistent eyestalks around.
Fire: 199 stones
Press: ? - help, Q - select action, (/) - cycle Shift-Dir - straight line, f/p - Gastronok
Aim: Gastronok, wearing a +1 hat (almost dead, covering ground quickly, very poisoned, 94% to hit)
You shoot a stone. The stone hits Gastronok.
Gastronok is almost dead.
Gastronok gurgles, "You're how I like my food.
Fast!"
Fire: 198 stones
Press: ? - help, Q - select action, (/) - cycle Shift-Dir - straight line, f/p - Gastronok
Aim: Gastronok, wearing a +1 hat (almost dead, covering ground quickly, very poisoned, 94% to hit)
You shoot a stone. The stone hits Gastronok.
Gastronok is almost dead.
The river rat closely misses you.
Gastronok waves his eye-stalks in wide circles.
The air twists around and strikes you!!
Ouch! That really hurt!
* * * LOW HITPOINT WARNING * * *
The centaur warrior zombie hits you but does no damage.
The centaur warrior zombie kicks you.
You block the centaur warrior zombie's attack.
The centaur warrior zombie barely misses you.
The quokka twitches its whiskers.
You block the centaur warrior zombie's attack.
The centaur warrior zombie kicks you.
Your +3 dagger of venom begins to drip with poison!
e - a +3 dagger of venom (weapon)
The quokka completely misses you. The centaur warrior zombie hits you!
The centaur warrior zombie closely misses you.
You hit the centaur warrior zombie.
The centaur warrior zombie is lightly damaged.
The centaur warrior zombie hits you.
* * * LOW HITPOINT WARNING * * *
The centaur warrior zombie kicks you.
* * * LOW HITPOINT WARNING * * *
The quokka bites you.
* * * LOW HITPOINT WARNING * * *
Gastronok waves his eye-stalks in wide circles.
The air twists around and strikes you!
You die...
Your body crumbles into a pile of gold.

.....' +..+............ ##...#
#..#.............. .....#
#..#.............. .....#
#..#...#..#.......# .....+
#'..##..#.##)##.# .....#
#.....#........>...... .....#
#.....#...............
.....###+##+##+###...............
####...........#@rr..##.......#
#............##Z....#..<...##
####..................#......#
..##......................#.###
.##[...####.##.##..w......#...#
..#.....##...####....##.....###
(.#.#()..##.....#...........#
#(((..((...#......#........##
##.#.###...#..............##


You could see Gastronok (swift, poisoned), a river rat (summoned), a centaur
warrior zombie and a quokka (summoned).

Vanquished Creatures
  Grinder (D:4)
  A wyvern (D:7)
  A steam dragon (D:8)
  A water moccasin (D:7)
  An ice beast (D:7)
  A necrophage (D:4)
  2 ogres
  3 centaurs
  A phantom (D:7)
  Blork the orc (D:6)
  2 bullfrogs (D:7)
  A wyvern skeleton (D:5)
  3 centaur zombies (Ossuary)
  2 bullfrog zombies
  A bullfrog skeleton (D:5)
  2 centaur skeletons
  3 human zombies (Ossuary)
  2 hounds
  7 iguanas
  2 orc wizards (D:7)
  2 mummies (Ossuary)
  8 gnolls
  7 adders
  A howler monkey skeleton (D:7)
  A shadow imp (D:8)
  2 white imps
  2 adder zombies (Ossuary)
  A dart slug (D:1)
  5 orcs (D:7)
  3 bats
  A bat zombie (D:6)
  9 endoplasms
  4 giant cockroaches
  6 goblins
  10 hobgoblins
  4 kobolds
  6 quokkas
  7 ball pythons
  6 frilled lizards
  2 goblin zombies (Ossuary)
  9 hobgoblin zombies (Ossuary)
  10 kobold zombies (Ossuary)
  7 orc zombies (Ossuary)
  8 rats
  3 rat zombies (D:6)
162 creatures vanquished.

Vanquished Creatures (others)
  4 withered plants (D:8)
4 creatures vanquished.

Grand Total: 166 creatures vanquished

Notes
Turn   | Place    | Note
-------+----------+-------------------------------------------
     0 | D:1      | styxcanada the Spriggan Brigand began the quest for the
                  | Orb.
     0 | D:1      | Reached XP level 1. HP: 10/10 MP: 2/2
   102 | D:1      | Reached skill level 6 in Stealth
   131 | D:1      | Reached XP level 2. HP: 15/15 MP: 3/3
   390 | D:1      | Found Fuic's Magic Scroll Boutique.
   647 | D:1      | Reached XP level 3. HP: 18/18 MP: 4/4
  1152 | D:2      | Reached skill level 7 in Stealth
  1746 | D:1      | Bought a scroll of identify for 28 gold pieces
  1746 | D:1      | Bought a scroll of identify for 28 gold pieces
  1822 | D:3      | Reached XP level 4. HP: 23/23 MP: 5/5
  1926 | D:3      | Reached skill level 5 in Dodging
  1926 | D:3      | Reached skill level 10 in Stealth
  1926 | D:3      | Reached XP level 5. HP: 15/29 MP: 5/13
  2938 | D:4      | Reached XP level 6. HP: 33/33 MP: 14/14
  3025 | D:4      | Found a sand-covered staircase.
  3039 | Ossuary  | Entered an ossuary
  3906 | Ossuary  | Learned a level 3 spell: Mephitic Cloud
  3910 | Ossuary  | Learned a level 3 spell: Ignite Poison
  3941 | D:4      | Reached skill level 5 in Spellcasting
  3941 | D:4      | Reached XP level 7. HP: 37/37 MP: 15/15
  4332 | D:4      | Reached skill level 1 in Conjurations
  4740 | D:4      | Noticed Grinder
  4744 | D:4      | Paralysed by Grinder for 3 turns
  4764 | D:4      | Killed Grinder
  4765 | D:4      | Reached skill level 1 in Transmutations
  5238 | D:5      | Entered Level 5 of the Dungeon
  5291 | D:5      | Reached skill level 11 in Stealth
  5442 | D:5      | Reached XP level 8. HP: 42/42 MP: 16/16
  5563 | D:5      | Identified the +3 leather armour "Amorit" {Regen+ Str+3
                  | Int-4}
  5572 | D:5      | Found a staircase to the Ecumenical Temple.
  5576 | D:5      | Reached skill level 1 in Poison Magic
  5584 | Temple   | Entered the Ecumenical Temple
  5615 | Temple   | Became a worshipper of Gozag Ym Sagoz the Greedy
  6113 | D:6      | Noticed Blork the orc
  6273 | D:6      | Killed Blork the orc
  6527 | D:6      | Learned a level 1 spell: Shock
  6570 | D:6      | Found an ancient bone altar of Kikubaaqudgha.
  6578 | D:6      | Reached skill level 12 in Stealth
  6856 | D:7      | Found Wannergh's Jewellery Shoppe.
  6913 | D:7      | Reached skill level 1 in Air Magic
  7352 | D:7      | Bought the ring "Wuhim" {rC+ rN+ Will- rCorr Stlth+} for
                  | 444 gold pieces
  7623 | D:7      | Reached XP level 9. HP: 45/45 MP: 17/17
  8081 | D:8      | Noticed a hellwing
  8083 | D:8      | Noticed a hellwing
  8107 | D:8      | HP: 1/45 [centaur warrior zombie (7)]
  8399 | D:7      | Gained mutation: You are robust. (+10% HP) [potion of
                  | mutation]
  8424 | D:7      | Lost mutation: You are robust. (+10% HP) [potion of
                  | mutation]
  8424 | D:7      | Gained mutation: Your magical capacity is low. (-10% MP)
                  | [potion of mutation]
  8424 | D:7      | Gained mutation: You have a pair of small antennae on your
                  | head. [potion of mutation]
  8425 | D:7      | Lost mutation: You have a pair of small antennae on your
                  | head. [potion of mutation]
  8425 | D:7      | Lost mutation: Your magical capacity is low. (-10% MP)
                  | [potion of mutation]
  8425 | D:7      | Gained mutation: Your flesh is cold resistant. (rC+)
                  | [potion of mutation]
  8425 | D:7      | Gained mutation: You sometimes lose the ability to read
                  | scrolls when taking damage. [potion of mutation]
  8425 | D:7      | Gained mutation: You have sharp fingernails. [potion of
                  | mutation]
  8426 | D:7      | Lost mutation: You have sharp fingernails. [potion of
                  | mutation]
  8426 | D:7      | Lost mutation: You sometimes lose the ability to read
                  | scrolls when taking damage. [potion of mutation]
  8426 | D:7      | Lost mutation: Your flesh is cold resistant. (rC+) [potion
                  | of mutation]
  8426 | D:7      | Gained mutation: Your natural rate of healing is unusually
                  | fast. [potion of mutation]
  8426 | D:7      | Gained mutation: Your movements are slightly less
                  | encumbered by armour. (ER -2) [potion of mutation]
  8426 | D:7      | Gained mutation: You expend magic power (3 MP) to
                  | strengthen your wands. [potion of mutation]
  8575 | D:8      | Noticed Gastronok
  8697 | D:8      | Killed from afar by Gastronok

Illustrated notes

Levels and vault maps discovered:
D:1:      sevenhm_arrival_forest_fort_small_6, layout_basic, serial_shops, shop,
          chequers_serial_rivers_room_b
D:2:      layout_rooms
D:3:      layout_rooms
D:4:      layout_layer_cave, enter_ossuary_3, small_statue_intersection,
          uniq_grinder
D:5:      layout_loops_ring, tgw_xom, minmay_temple_entry_nine_rooms
D:6:      layout_rooms, lemuel_zombie_altar_kikubaaqudgha, item_on_display_a,
          uniq_blork_the_orc
D:7:      minmay_polygon_palace, layout_basic, serial_shops, shop,
          supply_closet_lemuel
D:8:      cheibrodos_grave_circle, layout_cave_pools,
          mainiacjoe_overflow_24_doors, fountainhead, uniq_gastronok
Temple:   regret_index_temple_sphere_string

Skill      XL: |  1  2  3  4  5  6  7  8  9 |
---------------+----------------------------+-----
Stealth        | 6 7 10 11 12 | 12.6
Fighting       | 2 4 |  4.2
Dodging        | 2 5 6 7 |  7.0
Short Blades   | 4 |  4.8
Slings         | 3 4 |  4.2
Throwing       | 3 4 |  4.0
Shields        | 3 |  3.3
Spellcasting   | 4 5 |  5.4
Evocations     | 3 |  3.5
Conjurations   | 1 |  1.8
Transmutations | 1 |  1.1
Poison Magic   | 1 2 |  2.1
Air Magic      | 1 |  1.4
Fire Magic     | |  0.2

Action                   |  1- 3 |  4- 6 |  7- 9 || total
-------------------------+-------+-------+-------++-------
Melee: Dagger            |    85 |   182 |   266 ||   533
       Punch             |     1 |       |       ||     1
 Fire: Hunting sling     |       |    95 |    37 ||   132
Throw: Dart              |    14 |    21 |    40 ||    75
       Stone             |       |     4 |     6 ||    10
  Use: Scroll            |       |     7 |    13 ||    20
       Potion            |       |     1 |     6 ||     7
 Stab: Sleeping          |    24 |     9 |    25 ||    58
Armor: Robe              |     8 |    24 |    25 ||    57
Dodge: Dodged            |    34 |   161 |   167 ||   362
Block: Buckler           |     2 |    70 |    98 ||   170
